IL
SCRANTON WB RAILRIDERS @ PAWTUCKET RED SOX
06/27/2048
 
TOP OF THE 1ST
Scranton WB RailRiders batting - Pitching for Pawtucket Red Sox : RHP Graham Jackson
Pitching: RHP Graham Jackson
Batting: RHB Devon Utley 0-0: Called Strike
0-1: Foul Ball, location: 2F
0-2: Strikes out swinging
Batting: LHB Aaron Joyner 0-0: Called Strike
0-1: Foul Ball, location: 2F
0-2: Fly out, F5 (Flyball, 56D, EV 83.8 MPH)
Batting: SHB Mukhtar Wa'il 0-0: Ball
1-0: Called Strike
1-1: SINGLE (Groundball, 4MD, EV 103.1 MPH)
Batting: LHB Dan Morris 0-0: Ground out 5-3 (Groundball, 56S, EV 70.6 MPH)
Top of the 1st over - 0 runs, 1 hit, 0 errors, 1 left on base; Scranton WB 0 - Pawtucket 0
BOTTOM OF THE 1ST
Pawtucket Red Sox batting - Pitching for Scranton WB RailRiders : RHP Devon Wiley
Pitching: RHP Devon Wiley
Batting: RHB Andy Garvin 0-0: Ball
1-0: Foul Ball, location: 2F
1-1: Swinging Strike
1-2: Strikes out looking
Batting: RHB Brandon Perris 0-0: SINGLE (Groundball, 34D, EV 94.4 MPH)
Batting: SHB Ben Ervin 0-0: Ball
1-0: Called Strike
1-1: Ball
2-1: Called Strike
2-2: Ball
3-2: Base on Balls
Brandon Perris to second
Batting: SHB Willie Koviak 0-0: Called Strike
0-1: SINGLE (Groundball, 34, EV 101.2 MPH)
Brandon Perris to third
Ben Ervin to second
Runner from 3rd tries for Home, SAFE, throw by RF to home
Batting: RHB Ernie Genier 0-0: Ball
1-0: DOUBLE (Line Drive, 7LM, EV 108.1 MPH)
Ben Ervin scores
Willie Koviak to third
Batting: RHB Rodolfo Contreras 0-0: SINGLE (Flyball, 56D, EV 88.1 MPH)
Willie Koviak scores
Ernie Genier to third
Batting: RHB Joe Sandoval 0-0: Called Strike
0-1: Ball
1-1: Swinging Strike
1-2: Fly out, F8 (Line Drive, 8LM, EV 90.0 MPH)
Runner from 3rd tags up, SCORES, no throw by CF
Batting: RHB Sal Rivera 0-0: Ball
1-0: Foul Ball, location: 2F
1-1: Called Strike
1-2: Ball
2-2: Foul Ball, location: 2F
2-2: DOUBLE (Groundball, 5L, EV 108.1 MPH)
Rodolfo Contreras to third
Runner from 3rd tries for Home, SAFE, no throw by LF
Batting: RHB Joe Evrard 0-0: Called Strike
0-1: Ball
1-1: Ball
2-1: Foul Ball, location: 2F
2-2: Strikes out looking
Bottom of the 1st over - 5 runs, 5 hits, 0 errors, 1 left on base; Scranton WB 0 - Pawtucket 5
TOP OF THE 2ND
Scranton WB RailRiders batting - Pitching for Pawtucket Red Sox : RHP Graham Jackson
Batting: LHB Jose Lebron 0-0: Ball
1-0: Called Strike
1-1: Swinging Strike
1-2: Ground out 4-3 (Groundball, 34, EV 95.0 MPH)
Batting: RHB Andy Wasierski 0-0: DOUBLE (Line Drive, 5D, EV 95.6 MPH)
Batting: SHB Jose Vargas 0-0: Called Strike
0-1: SINGLE (Line Drive, 78S, EV 90.6 MPH)
Andy Wasierski to third
Runner from 3rd tries for Home, SAFE, throw by LF to home
Now in LF: John Chiesa
Batting: RHB Josh Zoglmann 0-0: Called Strike
0-1: Foul Ball, location: 2F
0-2: Strikes out swinging
Batting: SHB Joe Fure 0-0: Ground out 5-3 (Groundball, 25, EV 82.5 MPH)
Top of the 2nd over - 1 run, 2 hits, 0 errors, 1 left on base; Scranton WB 1 - Pawtucket 5
BOTTOM OF THE 2ND
Pawtucket Red Sox batting - Pitching for Scranton WB RailRiders : RHP Devon Wiley
Batting: RHB Andy Garvin 0-0: Called Strike
0-1: Ball
1-1: Foul Ball, location: 2F
1-2: Foul Ball, location: 2F
1-2: SINGLE (Groundball, 15S, EV 73.8 MPH) (infield hit)
Batting: RHB Brandon Perris 0-0: Foul Ball, location: 2F
0-1: Ball
1-1: Called Strike
Andy Garvin is caught stealing 2nd base 2-4
1-2: Ball
2-2: Foul Ball, location: 2F
2-2: Ground out 5-3 (Groundball, 56, EV 101.9 MPH)
Batting: RHB John Chiesa 0-0: Ball
1-0: Swinging Strike
1-1: Ball
2-1: Foul Ball, location: 2F
2-2: Ground out 6-3 (Groundball, 6M, EV 86.2 MPH)
Bottom of the 2nd over - 0 runs, 1 hit, 0 errors, 0 left on base; Scranton WB 1 - Pawtucket 5
TOP OF THE 3RD
Scranton WB RailRiders batting - Pitching for Pawtucket Red Sox : RHP Graham Jackson
Batting: RHB Devon Utley 0-0: Ball
1-0: SINGLE (Groundball, 56D, EV 98.8 MPH)
Batting: LHB Aaron Joyner 0-0: Foul Ball, location: 2F
0-1: Called Strike
0-2: Strikes out swinging
Batting: SHB Mukhtar Wa'il 0-0: Foul Ball, location: 2F
0-1: Foul Ball, location: 2F
0-2: Ball
1-2: Strikes out swinging
Batting: LHB Dan Morris 0-0: Ball
1-0: Swinging Strike
1-1: Ball
2-1: Foul Ball, location: 2F
2-2: Ball
3-2: SINGLE (Flyball, 6D, EV 92.5 MPH)
Devon Utley to second
Devon Utley to third
Batting: LHB Jose Lebron 0-0: Called Strike
0-1: Called Strike
0-2: Strikes out swinging
Top of the 3rd over - 0 runs, 2 hits, 0 errors, 2 left on base; Scranton WB 1 - Pawtucket 5
BOTTOM OF THE 3RD
Pawtucket Red Sox batting - Pitching for Scranton WB RailRiders : RHP Devon Wiley
Batting: SHB Willie Koviak 0-0: Ball
1-0: Ball
2-0: Called Strike
2-1: SINGLE (Groundball, 56D, EV 94.4 MPH)
Batting: RHB Ernie Genier 0-0: Ball
1-0: Ball
2-0: Called Strike
2-1: Ground out U3 (Groundball, 34S, EV 66.9 MPH)
Willie Koviak to second
Pitching: LHP Ramon Escobedo
Batting: RHB Rodolfo Contreras 0-0: Ball
1-0: Ball
2-0: Ball
3-0: Called Strike
3-1: Base on Balls
Batting: RHB Joe Sandoval 0-0: Foul Ball, location: 2F
0-1: Ball
1-1: Ball
2-1: Foul Ball, location: 2F
2-2: Ball
3-2: Fly out, F6 (Popup, 6MS, EV 62.5 MPH)
Batting: RHB Sal Rivera 0-0: Ball
1-0: Ball
2-0: Foul Ball, location: 2F
2-1: Foul Ball, location: 2F
2-2: Strikes out looking
Bottom of the 3rd over - 0 runs, 1 hit, 0 errors, 2 left on base; Scranton WB 1 - Pawtucket 5
TOP OF THE 4TH
Scranton WB RailRiders batting - Pitching for Pawtucket Red Sox : RHP Graham Jackson
Batting: RHB Andy Wasierski 0-0: Called Strike
0-1: Foul Ball, location: 2F
0-2: Ball
1-2: Strikes out looking
Batting: SHB Jose Vargas 0-0: Ball
1-0: Foul Ball, location: 2F
1-1: Swinging Strike
1-2: Ball
2-2: Foul Ball, location: 2F
2-2: Foul Ball, location: 2F
2-2: Strikes out looking
Batting: RHB Josh Zoglmann 0-0: Called Strike
0-1: Foul Ball, location: 2F
0-2: Ground out 1-3 (Groundball, 15S, EV 66.9 MPH)
Top of the 4th over - 0 runs, 0 hits, 0 errors, 0 left on base; Scranton WB 1 - Pawtucket 5
BOTTOM OF THE 4TH
Pawtucket Red Sox batting - Pitching for Scranton WB RailRiders : LHP Ramon Escobedo
Batting: RHB Joe Evrard 0-0: Ball
1-0: Swinging Strike
1-1: Fly out, F9 (Line Drive, 89M, EV 93.8 MPH)
Batting: RHB Andy Garvin 0-0: Ball
1-0: Ground out 5-3 (Groundball, 56, EV 81.9 MPH)
Batting: RHB Brandon Perris 0-0: Called Strike
0-1: Ground out 4-3 (Groundball, 4, EV 83.8 MPH)
Bottom of the 4th over - 0 runs, 0 hits, 0 errors, 0 left on base; Scranton WB 1 - Pawtucket 5
TOP OF THE 5TH
Scranton WB RailRiders batting - Pitching for Pawtucket Red Sox : RHP Graham Jackson
Batting: SHB Joe Fure 0-0: SINGLE (Line Drive, 8RS, EV 91.9 MPH)
Batting: RHB Devon Utley 0-0: Ball
1-0: Ball
Joe Fure is caught stealing 2nd base 2-4
2-0: Ball
3-0: Called Strike
3-1: Called Strike
3-2: Strikes out swinging
Batting: LHB Aaron Joyner 0-0: Ball
1-0: Swinging Strike
1-1: Fly out, F9 (Flyball, 9LS, EV 86.2 MPH)
Top of the 5th over - 0 runs, 1 hit, 0 errors, 0 left on base; Scranton WB 1 - Pawtucket 5
BOTTOM OF THE 5TH
Pawtucket Red Sox batting - Pitching for Scranton WB RailRiders : LHP Ramon Escobedo
Batting: RHB John Chiesa 0-0: Called Strike
0-1: Ball
1-1: Ground out 5-3 (Groundball, 56D, EV 98.1 MPH)
Batting: SHB Willie Koviak 0-0: Foul Ball, location: 2F
0-1: Called Strike
0-2: Strikes out swinging
Batting: RHB Ernie Genier 0-0: Ball
1-0: Ball
2-0: Fly out, F9 (Flyball, 89D, EV 80.0 MPH)
Bottom of the 5th over - 0 runs, 0 hits, 0 errors, 0 left on base; Scranton WB 1 - Pawtucket 5
TOP OF THE 6TH
Scranton WB RailRiders batting - Pitching for Pawtucket Red Sox : RHP Graham Jackson
Batting: SHB Mukhtar Wa'il 0-0: Ground out 6-3 (Groundball, 4, EV 84.4 MPH)
Batting: LHB Dan Morris 0-0: Ball
1-0: Called Strike
1-1: Ball
2-1: Ball
3-1: Ground out 6-3 (Groundball, 6, EV 105.6 MPH)
Batting: LHB Jose Lebron 0-0: Ball
1-0: Ball
2-0: SINGLE (Groundball, 34D, EV 98.1 MPH)
Batting: RHB Andy Wasierski 0-0: Called Strike
0-1: Fly out, F8 (Flyball, 8RD, EV 109.4 MPH)
Top of the 6th over - 0 runs, 1 hit, 0 errors, 1 left on base; Scranton WB 1 - Pawtucket 5
BOTTOM OF THE 6TH
Pawtucket Red Sox batting - Pitching for Scranton WB RailRiders : LHP Ramon Escobedo
Batting: RHB Rodolfo Contreras 0-0: Called Strike
0-1: Ball
1-1: Swinging Strike
1-2: Strikes out swinging
Batting: RHB Joe Sandoval 0-0: Ground out 2-3 (Groundball, 2L, EV 68.1 MPH)
Batting: RHB Sal Rivera 0-0: Ball
1-0: Ball
2-0: Ball
3-0: Called Strike
3-1: Fly out, F5 (Line Drive, 5L, EV 70.0 MPH)
Bottom of the 6th over - 0 runs, 0 hits, 0 errors, 0 left on base; Scranton WB 1 - Pawtucket 5
TOP OF THE 7TH
Scranton WB RailRiders batting - Pitching for Pawtucket Red Sox : RHP Graham Jackson
Batting: SHB Jose Vargas 0-0: Called Strike
0-1: Fly out, F3 (Popup, 3F, EV 55.0 MPH)
Batting: RHB Josh Zoglmann 0-0: Ball
1-0: Called Strike
1-1: SINGLE (Line Drive, 89S, EV 93.8 MPH)
Batting: SHB Joe Fure 0-0: Ball
1-0: Grounds into double play, 4-6-3 (Groundball, 34S, EV 85.0 MPH)
Top of the 7th over - 0 runs, 1 hit, 0 errors, 0 left on base; Scranton WB 1 - Pawtucket 5
BOTTOM OF THE 7TH
Pawtucket Red Sox batting - Pitching for Scranton WB RailRiders : LHP Ramon Escobedo
Pitching: RHP Jim Milch
Batting: RHB Joe Evrard 0-0: Foul Ball, location: 2F
0-1: Ball
1-1: Ground out 4-3 (Groundball, 4, EV 83.8 MPH)
Batting: RHB Andy Garvin 0-0: Ground out 5-3 (Groundball, 56S, EV 81.9 MPH)
Batting: RHB Brandon Perris 0-0: SINGLE (Groundball, 6D, EV 98.1 MPH)
Batting: RHB John Chiesa 0-0: Ball
1-0: Ground out 5-3 (Groundball, 5S, EV 85.0 MPH)
Bottom of the 7th over - 0 runs, 1 hit, 0 errors, 1 left on base; Scranton WB 1 - Pawtucket 5
TOP OF THE 8TH
Scranton WB RailRiders batting - Pitching for Pawtucket Red Sox : RHP Graham Jackson
Batting: RHB Devon Utley 0-0: Ball
1-0: Called Strike
1-1: Foul Ball, location: 2F
1-2: Ball
2-2: Foul Ball, location: 2F
2-2: Ball
3-2: Ground out 1-3 (Groundball, 13, EV 68.1 MPH)
Batting: LHB Aaron Joyner 0-0: Ball
1-0: Ground out 4-3 (Groundball, 34, EV 83.8 MPH)
Batting: SHB Mukhtar Wa'il 0-0: Ball
1-0: Swinging Strike
1-1: Fly out, F8 (Flyball, 78D, EV 89.4 MPH)
Top of the 8th over - 0 runs, 0 hits, 0 errors, 0 left on base; Scranton WB 1 - Pawtucket 5
BOTTOM OF THE 8TH
Pawtucket Red Sox batting - Pitching for Scranton WB RailRiders : RHP Jim Milch
Batting: SHB Willie Koviak 0-0: Called Strike
0-1: Ball
1-1: Ground out 6-3 (Groundball, 6, EV 90.0 MPH)
Batting: RHB Ernie Genier 0-0: Ball
1-0: Ball
2-0: Ground out 4-3 (Groundball, 4, EV 95.6 MPH)
Batting: RHB Rodolfo Contreras 0-0: Fly out, F8 (Flyball, 8RD, EV 76.9 MPH)
Bottom of the 8th over - 0 runs, 0 hits, 0 errors, 0 left on base; Scranton WB 1 - Pawtucket 5
TOP OF THE 9TH
Scranton WB RailRiders batting - Pitching for Pawtucket Red Sox : RHP Graham Jackson
Batting: LHB Dan Morris 0-0: Called Strike
0-1: Foul Ball, location: 2F
0-2: Ball
1-2: Ball
2-2: Ball
3-2: Ground out 5-3 (Groundball, 56S, EV 80.6 MPH)
Batting: LHB Jose Lebron 0-0: Swinging Strike
0-1: Called Strike
0-2: Ball
1-2: Strikes out looking
Batting: RHB Andy Wasierski 0-0: Ball
1-0: Called Strike
1-1: Ground out 5-3 (Groundball, 56S, EV 83.1 MPH)
Top of the 9th over - 0 runs, 0 hits, 0 errors, 0 left on base; Scranton WB 1 - Pawtucket 5
Tuesday, March 28th , 2023 - OOTP Baseball 23.10 Build 110